 Dungeon Crawl Stone Soup version 0.19-a0-1049-g462a813 (webtiles) character file.

340 FitzyFitz the Insei (level 6, -1/38 HPs)
             Began as an Octopode Transmuter on July 31, 2016.
             Slain by a centaur (5 damage)
             ... on level 5 of the Dungeon.
             The game lasted 00:06:28 (3345 turns).

FitzyFitz the Insei (Octopode Transmuter)           Turns: 3345, Time: 00:06:29

Health: -1/38      AC:  1    Str: 14    XL:     6   Next: 56%
Magic:  7/9        EV: 13    Int: 17    God:
Gold:   250        SH:  0    Dex: 12    Spells: 3 memorised, 3 levels left

rFire  . . .     SeeInvis .       - Unarmed
rCold  . . .     Gourm    .     (no shield)
rNeg   . . .     Faith    .     (helmet restricted)
rPois  .         Spirit   .     d - amulet of regeneration
rElec  .         Dismiss  .     E - +4 ring of strength
rCorr  .         Reflect  .     (no ring)
SustAt .         Harm     .     (no ring)
MR     .....                    (no ring)
Stlth  ++........               (no ring)
                                (no ring)
                                (no ring)
                                (no ring)

@: not resistant to hostile enchantments, unstealthy
A: almost no armour, amphibious, 8 rings, constrict 8, camouflage 1, gelatinous
body 1
a: no special abilities


You were on level 5 of the Dungeon.
You were very hungry.

You visited 1 branch of the dungeon, and saw 5 of its levels.

You collected 250 gold pieces.

Inventory:

Hand Weapons
 q - a +0 hunting sling
 r - a cursed -3 dagger
 v - a +0 mace of draining
Missiles
 a - 58 arrows
 h - 108 stones (quivered)
 l - 48 sling bullets
 A - 41 poisoned needles
Jewellery
 d - an amulet of regeneration (around mantle)
 k - an uncursed amulet of harm {unknown}
 w - an uncursed amulet of guardian spirit {unknown}
 E - a +4 ring of strength (left tentacle)
Scrolls
 e - 8 scrolls of identify {unknown}
 g - a scroll of teleportation {unknown}
 j - 5 scrolls of remove curse {unknown}
 n - a scroll of blinking {unknown}
 u - a scroll of magic mapping {unknown}
 y - a scroll of amnesia {unknown}
 B - a scroll of noise {unknown}
 D - a scroll of immolation {unknown}
 F - 2 scrolls of enchant weapon {unknown}
 G - a scroll of recharging {unknown}
Potions
 i - a potion of degeneration {unknown}
 m - a potion of experience {unknown}
 o - 3 potions of curing {unknown}
 s - a potion of heal wounds {unknown}
 t - 2 potions of might {unknown}
 x - a potion of brilliance {unknown}
 C - 2 potions of magic {unknown}
Books
 b - a book of Changes

   Spells                             Type                      Level
   a - Beastly Appendage              Transmutation                1
   b - Sticks to Snakes               Transmutation                2
   c - Spider Form                    Transmutation/Poison         3
   d - Ice Form                       Ice/Transmutation            4
   e - Blade Hands                    Transmutation                5
Comestibles
 c - 5 bread rations
 f - 8 fruits
 p - a meat ration
 z - 2 slices of pizza


   Skills:
 - Level 1.0 Fighting
 - Level 2.0 Dodging
 + Level 5.3 Unarmed Combat
 - Level 2.0 Spellcasting
 + Level 5.1 Transmutations


You had 3 spell levels left.
You knew the following spells:

 Your Spells              Type           Power        Failure   Level  Hunger
a - Beastly Appendage     Tmut           ###...       2%          1    #......
b - Sticks to Snakes      Tmut           ###.....     3%          2    ###....
c - Spider Form           Tmut/Pois      ##........   21%         3    ###....


Dungeon Overview and Level Annotations

Branches:
Dungeon (5/15)
 Temple: D:4-7

Altars:
Ashenzari
Fedhas
Zin


Innate Abilities, Weirdness & Mutations

You cannot wear most types of armour.
You are amphibious.
You can wear up to eight rings at the same time.
You can use your tentacles to constrict eight enemies at once.
Your skin changes colour to match your surroundings (Stealth+).
Your rubbery body absorbs attacks. (AC +1, EV +1)


Message History

A - 41 poisoned needles (gained 23)
G - a scroll labeled ROGIRU ILULA You open the door.
There is an open door here.
A centaur comes into view.
The centaur shouts!
The centaur wields a shortbow.
The centaur shoots an arrow.
The arrow hits you!
You see here an arrow.
The centaur unwields an uncursed shortbow.
The centaur hits you!
You are too injured to fight recklessly!
You are too injured to fight recklessly!
You are too injured to fight recklessly!
You barely miss the centaur. The centaur misses you.
Casting: Sticks to Snakes
Confirm with . or Enter, or press ? or * to list all spells.
You create a snake!
You now have 58 arrows.
The centaur hits you!
* * * LOW HITPOINT WARNING * * *
The centaur hits you.
You die...

..... #......#........
.....#+##......##..##.##
................#..##+##
................#.......
................+.......
................#+##..##
........(####......#..##
####S...# #......'....
#..@.# #......#....
#..c.# #......#....
#....# #......#....
#....# #......#####
###### ########


You could see a centaur and a friendly ball python.

Vanquished Creatures
  An ogre (D:4)
  2 hounds (D:4)
  An orc wizard (D:4)
  An iguana (D:4)
  A killer bee zombie (D:3)
  6 adders
  An adder skeleton (D:4)
  A worm (D:4)
  A dart slug (D:2)
  2 giant geckos
  9 orcs
  3 ball pythons
  2 giant cockroaches
  7 hobgoblins
  4 jackals
  2 quokkas
  4 bats
  11 goblins
  4 kobolds
  5 rats
68 creatures vanquished.

Vanquished Creatures (collateral kills)
  The ghost of Nausicaa the Ruffian, a weakling VSMo (D:3)
  A kobold (D:3)
2 creatures vanquished.

Grand Total: 70 creatures vanquished

Notes
Turn   | Place    | Note
-------+----------+-------------------------------------------
     0 | D:1      | FitzyFitz the Octopode Transmuter began the quest for the Orb.
     0 | D:1      | Reached XP level 1. HP: 13/13 MP: 3/3
   144 | D:1      | Upgraded the game from 0.19-a0-1048-g709fac1 to 0.19-a0-1049-g462a813
   229 | D:1      | Reached XP level 2. HP: 18/18 MP: 5/5
   729 | D:1      | Learned a level 2 spell: Sticks to Snakes
  1111 | D:2      | Reached XP level 3. HP: 17/23 MP: 6/6
  1264 | D:2      | Found a blossoming altar of Fedhas.
  1265 | D:2      | Found a glowing silver altar of Zin.
  1266 | D:2      | Found a shattered altar of Ashenzari.
  1552 | D:2      | Learned a level 3 spell: Spider Form
  1706 | D:3      | Noticed Nausicaa's ghost (weakling VSMo)
  1776 | D:3      | Reached XP level 4. HP: 22/28 MP: 7/7
  1913 | D:3      | Killed Nausicaa's ghost
  2018 | D:3      | Reached XP level 5. HP: 10/33 MP: 8/8
  2515 | D:4      | Reached XP level 6. HP: 27/38 MP: 7/9
  2521 | D:4      | Reached skill level 5 in Unarmed Combat
  2658 | D:4      | Reached skill level 5 in Transmutations
  2717 | D:4      | Noticed a hippogriff
  3275 | D:5      | Entered Level 5 of the Dungeon
  3275 | D:5      | Found a blossoming altar of Fedhas.
  3345 | D:5      | Slain by a centaur

Vault maps used:
D:1:      sevenhm_arrival_forest_fort_small_4
D:2:      minitemple
D:3:      corexii_item_surrounded_by_moat
D:4:      minmay_surrounded
D:5:      first_bread, fedhas_altar_3

Skill      XL: |  1  2  3  4  5  6 |
---------------+-------------------+-----
Transmutations | 3 4 5 |  5.1
Unarmed Combat | 4 5 |  5.3
Fighting       | |  1.0
Dodging        | |  2.0
Spellcasting   | |  2.0

Action                   |  1- 3 |  4- 6 || total
-------------------------+-------+-------++-------
Melee: Unarmed           |    88 |    94 ||   182
       Constrict         |    22 |    24 ||    46
       Tentacles         |    11 |    12 ||    23
       Punch             |     1 |     4 ||     5
       Kick              |       |     2 ||     2
 Cast: Sticks to Snakes  |       |     8 ||     8
       Beastly Appendage |       |     1 ||     1
 Stab: Sleeping          |     5 |     3 ||     8
       Distracted        |     1 |       ||     1
  Eat: Chunk             |     3 |     4 ||     7
Armor: Skin              |     7 |     8 ||    15
Dodge: Dodged            |    58 |    47 ||   105
